 Dungeon Crawl Stone Soup version 0.22-a0-443-g17c3723 (webtiles) character file.

3804 4thArraOfDagon the Cleaver (level 9, 73/88 HPs)
             Began as a Deep Dwarf Monk on May 31, 2018.
             Quit the game on level 4 of the Dungeon.
             The game lasted 00:10:25 (2096 turns).

4thArraOfDagon the Cleaver (Deep Dwarf Monk)        Turns: 2096, Time: 00:10:25

Health: 73/88      AC: 11    Str: 14    XL:     9   Next: 96%
Magic:  14/14      EV: 11    Int: 15    God:
Gold:   210        SH:  0    Dex: 15    Spells: 8/8 levels left

rFire    + . .     SeeInvis .   s - +0 war axe
rCold    + + .     Gourm    .   (no shield)
rNeg     . . .     Faith    .   h - +2 scale mail {rC+}
rPois    .         Spirit   .   p - +1 hat
rElec    .         Reflect  .   v - scarf {rC+ rF+}
rCorr    .         Harm     .   (no gloves)
MR       +....                  (no boots)
Stlth    +.........             (no amulet)
HPRegen  0.00/turn              r - ring of magical power
MPRegen  0.14/turn              (no ring)

@: non-regenerating
A: damage resistance, heal wounds, molten scales 1, sense surroundings 2, sturdy
frame 1, no regeneration
a: Heal Wounds


You were on level 4 of the Dungeon.
You were not hungry.

You visited 2 branches of the dungeon, and saw 12 of its levels.

You collected 210 gold pieces.

Inventory:

Hand Weapons
 a - a +0 hand axe
 s - a +0 war axe (weapon)
Armour
 b - a +0 robe
 h - a +2 scale mail of cold resistance (worn)
 p - a +1 hat (worn)
 v - a scarf of resistance (worn)
Magical Staves
 t - an uncursed staff of energy {!a}
Jewellery
 r - a ring of magical power (left hand)
Wands
 j - a wand of iceblast (4)
 q - a wand of digging (12)
 u - a wand of polymorph (7)
Scrolls
 d - a scroll of fear {unknown}
 e - a scroll of fog {unknown}
 g - 4 scrolls of identify {unknown}
 i - 6 scrolls of teleportation {unknown}
 k - 2 scrolls of enchant weapon {unknown}
 m - 3 scrolls of remove curse {unknown}
 n - a scroll of enchant armour {unknown}
 w - a scroll of noise {unknown}
Potions
 f - a potion of flight
 l - a potion of brilliance
 o - a potion of degeneration
 x - 2 potions of resistance
Comestibles
 c - 5 rations


   Skills:
 + Level 8.1 Fighting
 * Level 12.8 Axes
 - Level 3.2 Dodging
 - Level 2.4 Stealth


You had 8 spell levels left.
You didn't know any spells.
Your spell library contained the following spells:

 Spells                   Type           Power        Failure   Level  Hunger
 Animate Dead             Necr           N/A          100%        4    #####..
 Pain                     Necr           #...         56%         1    ##.....
 Animate Skeleton         Necr           N/A          56%         1    ##.....
 Vampiric Draining        Necr           #.........   91%         3    ####...
 Regeneration             Chrm/Necr      #.........   91%         3    ####...


Dungeon Overview and Level Annotations

Branches:
Dungeon (11/15)            Temple (1/1) D:7
   Lair: D:8-11         Orc: D:9-12

Altars:
Ashenzari
Cheibriados
Dithmenos
Elyvilon
Fedhas
Gozag
Hepliaklqana
Kikubaaqudgha
Nemelex Xobeh
Okawaru
Qazlal
Ru
Uskayaw
Vehumet
Wu Jian
Xom
Yredelemnul
Zin
The Shining One

Shops:
D:4 (*


Innate Abilities, Weirdness & Mutations

You are resistant to damage.
You can heal yourself by infusing magical energy.
You passively map the area around you.
You do not regenerate.
You are partially covered in molten scales. (AC +2)
Your movements are slightly less encumbered by armour. (ER -2)


Message History

You climb upwards.
There is a stone staircase leading down here.
Unknown command.
You open the door.
A scorpion comes into view.
Found 11 gold pieces.
There is an open door here.
Found a scroll labeled REPESI LIVATUPLORCH.
You open the door.
Found Bodghyen's General Store.
There is an open door here.
There is an entrance to Bodghyen's General Store here.
You close the door.
As you open the door, it creaks loudly!
Found a dagger.
There is an open door here.
A phantom comes into view.
You see here a dagger.
The scorpion barely misses you.
Are you sure you want to abandon this character and quit the game? (Confirm with "yes".)

, ,
#..∩..#............... ,
#.⌠.⌠.#............... ,
#.....#....########### ,
#######....#, , ,,....
#..... , .$..#....# ,,
.... #.....#, ##...#....#
,....
#.....#+##....#....##*+
#...
#.....#.....).#...... ,
####
#.....#...#'#@....... ...
#.....#...#∩#s..W?... ,
,...
#.....#...#+#........,
...
#.....'...s...#....##* **
,... #.....#.......#....#
#### #....>#..##...#....#
,, #...
#######..##...#....###+##
#...
#........#...........#+#.
#........#...............


You could see a phantom and a scorpion.

Vanquished Creatures
  Erica (D:9)
  Joseph (D:7)
  A gargoyle (D:9)
  A hippogriff (D:10)
  3 yaks (D:8)
  A wyvern (D:10)
  2 water moccasins
  A sky beast (D:10)
  A necrophage (D:9)
  2 ogres (D:7)
  2 centaurs
  A big kobold (D:8)
  6 bullfrogs
  A water moccasin skeleton (D:10)
  2 crimson imps (D:7)
  A hound (D:10)
  An orc priest (D:8)
  3 jellies
  2 centaur skeletons (D:4)
  2 orc wizards
  2 iguanas
  A worker ant (D:6)
  A killer bee zombie (D:7)
  A hound zombie (D:6)
  A hound skeleton (D:5)
  A worker ant zombie (D:5)
  A gnoll (D:5)
  An adder (D:5)
  A shadow imp (D:8)
  2 oozes
  2 dart slugs
  6 leopard geckos
  5 orcs
  3 giant cockroaches
  3 goblins
  2 hobgoblins
  10 jackals
  5 quokkas
  A ball python (D:6)
  2 bats (D:3)
  2 frilled lizards (D:3)
  8 kobolds
  A leopard gecko skeleton (D:7)
  2 rats
99 creatures vanquished.

Vanquished Creatures (others)
  A giant cockroach (D:5)
  A goblin (D:1)
2 creatures vanquished.

Grand Total: 101 creatures vanquished

Notes
Turn   | Place    | Note
-------+----------+-------------------------------------------
     0 | D:1      | 4thArraOfDagon the Deep Dwarf Monk began the quest for the Orb.
     0 | D:1      | Reached XP level 1. HP: 20/20 MP: 1/1
    26 | D:1      | Reached XP level 2. HP: 18/27 MP: 2/2
    79 | D:2      | Reached skill level 4 in Axes
   126 | D:2      | Found a shadowy altar of Dithmenos.
   252 | D:3      | Reached XP level 3. HP: 34/34 MP: 3/3
   324 | D:3      | Noticed a fire elemental
   326 | D:3      | Found a stormy altar of Qazlal.
   327 | D:3      | Noticed an earth elemental
   327 | D:3      | Noticed a water elemental
   327 | D:3      | Noticed an air elemental
   388 | D:4      | Reached XP level 4. HP: 16/42 MP: 4/4
   400 | D:4      | Found a white marble altar of Elyvilon.
   409 | D:4      | Found a shadowy altar of Dithmenos.
   457 | D:4      | Reached skill level 5 in Axes
   524 | D:4      | Found Vaulluash's Weapon Boutique.
   550 | D:5      | Entered Level 5 of the Dungeon
   602 | D:6      | Reached XP level 5. HP: 14/50 MP: 4/4
   698 | D:6      | Reached skill level 6 in Axes
   717 | D:6      | Reached XP level 6. HP: 14/57 MP: 5/5
   835 | D:7      | Found a staircase to the Ecumenical Temple.
   839 | D:7      | Noticed a water moccasin
   845 | D:7      | Noticed Joseph
   846 | D:7      | Reached skill level 7 in Axes
   856 | D:7      | Killed a water moccasin
   856 | D:7      | Reached XP level 7. HP: 49/66 MP: 5/5
   875 | D:7      | Killed Joseph
   875 | D:7      | Reached skill level 5 in Fighting
   875 | D:7      | Reached skill level 8 in Axes
   902 | Temple   | Entered the Ecumenical Temple
   941 | Temple   | Why
  1049 | D:5      | Found a shimmering altar of Xom.
  1068 | D:5      | Reached skill level 9 in Axes
  1068 | D:5      | Reached XP level 8. HP: 46/75 MP: 5/5
  1114 | D:5      | Found an ornate altar of the Wu Jian Council.
  1285 | D:7      | Reached skill level 10 in Axes
  1465 | D:8      | Noticed a hippogriff
  1556 | D:9      | Noticed Erica
  1590 | D:9      | Killed Erica
  1590 | D:9      | Reached skill level 11 in Axes
  1590 | D:9      | Gained mutation: You passively map the area around you. [Deep Dwarf growth]
  1590 | D:9      | Reached XP level 9. HP: 42/86 MP: 5/5
  1755 | D:10     | Entered Level 10 of the Dungeon
  1762 | D:10     | Found a shattered altar of Ashenzari.
  1845 | D:10     | Reached skill level 12 in Axes
  1874 | D:9      | Noticed a gargoyle
  1882 | D:9      | Killed a gargoyle
  1946 | D:8      | Gained mutation: You are partially covered in molten scales. (AC +2) [potion of mutation]
  1946 | D:8      | Gained mutation: Your movements are slightly less encumbered by armour. (ER -2) [potion of mutation]
  2088 | D:4      | Found Bodghyen's General Store.
  2096 | D:4      | Quit the game

Vault maps used:
D:1:      shiori_arrival_oz
D:2:      old_standard_altar, lemuel_coloured_pillars_altar,
          chequers_ecumenical_altar_simple_redux, st_stairs_14,
          okawaru_gym_becter, uniq_sigmund
D:3:      nicolae_qazlal_style_of_elements
D:4:      elyvilon_altar_5, bloody_makhleb, serial_shops, kennysheep_mini_moat,
          kennysheep_little_box, shop, grunt_dithmenos_smoke_and_mirrors,
          uniq_menkaure
D:5:      nicolae_overflow_crystal_walls, first_ration, minivault_5,
          minmay_misc_feat_iff, xom_confusion_cloud
D:6:      tgw_sif, grunt_ministairs_6
D:7:      minmay_temple_entry_crystal_x, uniq_joseph
D:8:      serial_shops, shop_fountains
D:9:      david_orc_1_choice, grunt_ogre_cave, uniq_erica
D:10:     evilmike_ruin_ashenzari
D:11:     lair_entry_dummy, serial_shops, shop, minmay_sticks_and_stones
Temple:   zaba_magenta_temple

Skill      XL: |  1  2  3  4  5  6  7  8  9 |
---------------+----------------------------+-----
Fighting       | 3 4 5 7 8 |  8.1
Axes           | 4 5 6 7 9 11 12 | 12.8
Dodging        | |  3.2
Stealth        | |  2.4

Action                   |  1- 3 |  4- 6 |  7- 9 || total
-------------------------+-------+-------+-------++-------
Melee: Hand axe          |    83 |    71 |       ||   154
       War axe           |       |     5 |   225 ||   230
       Unarmed           |       |       |    12 ||    12
 Abil: Heal Wounds       |       |     4 |    19 ||    23
Evoke: Wand              |       |     7 |    20 ||    27
  Use: Potion            |     1 |     5 |     5 ||    11
 Stab: Sleeping          |     2 |     1 |     2 ||     5
  Eat: Ration            |       |       |     1 ||     1
       Chunk             |       |       |     1 ||     1
Armor: Robe              |    16 |     4 |    25 ||    45
       Skin              |       |    51 |    17 ||    68
       Scale mail        |       |       |    47 ||    47
Dodge: Dodged            |    82 |    29 |   175 ||   286

Table legend:
 A = Spawn XP
 B = Non-spawn XP
 C = Spawn XP percentage of total XP
 D = Spawn monster count
 E = Non-spawn monster count
 F = Spawn count percentage of total count
 G = Total turns spent on level
                    A         B        C        D         E        F      G
               +---------+---------+-------+---------+---------+-------+---------
         Total |       0 |    5435 |   0.0 |       0 |      99 |   0.0 |  2096
               +---------+---------+-------+---------+---------+-------+---------
           D:1 |       0 |      22 |   0.0 |       0 |       8 |   0.0 |    76
           D:2 |       0 |      10 |   0.0 |       0 |       5 |   0.0 |   119
           D:3 |       0 |      19 |   0.0 |       0 |      11 |   0.0 |   142
           D:4 |       0 |      92 |   0.0 |       0 |       8 |   0.0 |   229
           D:5 |       0 |     322 |   0.0 |       0 |       6 |   0.0 |   114
           D:6 |       0 |     383 |   0.0 |       0 |      10 |   0.0 |   340
           D:7 |       0 |    1302 |   0.0 |       0 |      16 |   0.0 |   297
           D:8 |       0 |     937 |   0.0 |       0 |      20 |   0.0 |   320
           D:9 |       0 |    1540 |   0.0 |       0 |       9 |   0.0 |   280
          D:10 |       0 |     808 |   0.0 |       0 |       6 |   0.0 |   106
               +---------+---------+-------+---------+---------+-------+---------
